 Dungeon Crawl Stone Soup version 0.31.0-32-g396128a36d (webtiles) character file.

Game seed: 3331668554013944093

2861 GiantSquids the Cleaver (level 9, -2/82 HPs)
             Began as a Hill Orc Berserker on Apr 20, 2024.
             Was a Believer of Trog.
             Succumbed to a killer bee's poison
             ... on level 7 of the Dungeon.
             The game lasted 00:11:34 (5574 turns).

GiantSquids the Cleaver (Hill Orc Berserker)        Turns: 5574, Time: 00:11:35

Health: -2/82      AC: 17    Str: 24    XL:     9   Next: 75%
Magic:  9/9        EV: 12    Int:  7    God:    Trog [**....]
Gold:   363        SH:  0    Dex: 10    Spells: 8/8 levels left

rFire   . . .        G - +0 broad axe
rCold   . . .        (no shield)
rNeg    + . .        a - +0 plate armour
rPois   .            A - +0 helmet
rElec   .            (no cloak)
rCorr   .            g - +0 pair of gloves
SInv    .            y - +0 pair of boots
Will    +++..        (no amulet) Stlth
                     b - ring of positive energy
HPRegen 1.33/turn    H - +5 ring of evasion
MPRegen 0.11/turn

%: no passive effects
@: lethally poisoned (-2 -> -8), strong-willed, on berserk cooldown,
enlightened, flying, regenerating, slowed, very slow
A: no striking features
a: Renounce Religion, Berserk, Trog's Hand


You were on level 7 of the Dungeon.
You worshipped Trog.
Trog was pleased with you.
You visited 1 branch of the dungeon, and saw 7 of its levels.

You collected 363 gold pieces.

Inventory:

Hand Weapons
 v - a +0 war axe
 G - a +0 broad axe (weapon)
Missiles
 d - 9 poisoned darts (quivered)
 t - 27 stones
Armour
 a - a +0 plate armour (worn)
 g - a +0 pair of gloves (worn)
 y - a +0 pair of boots (worn)
 A - a +0 helmet (worn)
Jewellery
 b - a ring of positive energy (left hand)
 H - a +5 ring of evasion (right hand)
Wands
 I - a wand of paralysis (12)
Scrolls
 c - 5 scrolls of fear {unknown}
 e - 4 scrolls of immolation {unknown}
 f - 2 scrolls of teleportation {unknown}
 h - 3 scrolls of torment {unknown}
 k - 10 scrolls of identify {unknown}
 l - a scroll of noise {unknown}
 q - 2 scrolls of blinking {unknown}
 r - a scroll of vulnerability {unknown}
 s - a scroll of brand weapon {unknown}
 w - a scroll of enchant armour {unknown}
 z - 3 scrolls of amnesia {unknown}
 D - a scroll of poison {unknown}
 F - a scroll of fog {unknown}
Potions
 i - a potion of lignification {unknown}
 j - 2 potions of curing {unknown}
 m - 2 potions of enlightenment
 n - a potion of mutation {unknown}
 o - 3 potions of heal wounds
 p - 3 potions of attraction {unknown}
 u - 3 potions of might {unknown}
 x - a potion of degeneration {unknown}
 B - a potion of invisibility {unknown}
 C - a potion of brilliance {unknown}
 E - a potion of ambrosia {unknown}


   Skills:
 + Level 8.7 Fighting
 * Level 12.6 Axes
 + Level 7.5 Armour
 - Level 1.5 Dodging


You had 8 spell levels left.
You didn't know any spells.
Your spell library was empty.

Dungeon Overview and Level Annotations

Branches:
Dungeon (7/15)             Temple (0/1) D:6

Altars:
Dithmenos
Makhleb
Nemelex Xobeh
Yredelemnul

Shops:
D:1 :   D:4 (   D:7 *


Message History

The killer bee barely misses you.
The killer bee stings you but does no damage. x4
You slash the killer bee!
The killer bee is severely wounded.
You barely miss the killer bee.
You feel very sick. The killer bee barely misses you. x2
The killer bee stings you but does no damage.
The killer bee barely misses you. x3
You hit the killer bee.
You kill the killer bee!
Trog accepts your kill.
You closely miss the killer bee.
You feel sick. The killer bee closely misses you.
The killer bee barely misses you.
The killer bee stings you but does no damage. x3
You barely miss the killer bee. x2; You feel sick.
The killer bee closely misses you. The killer bee stings you.
* * * LOW HITPOINT WARNING * * *
You are more poisoned.
The killer bee poisons you!
The killer bee stings you but does no damage.
The killer bee stings you!
* * * LOW HITPOINT WARNING * * *
You are more poisoned.
The killer bee poisons you! The killer bee barely misses you.
The killer bee stings you but does no damage.
You hit the killer bee but do no damage.
You hit the killer bee.
* * * LOW HITPOINT WARNING * * *
You feel extremely sick.
The killer bee stings you but does no damage. x2
The killer bee closely misses you. The killer bee stings you.
* * * LOW HITPOINT WARNING * * *
The killer bee stings you.
* * * LOW HITPOINT WARNING * * *
The killer bee barely misses you.
It was a potion of enlightenment.
You feel very buoyant.
You fly up into the air.
You die...

#####.# #..... ..#
###....###$.#
##(..........####
#...>...........#
#......<......∩.
#....## ....... ##
#)....##.......
#..##.....y@.......
##....))†..y#.##....
##...##.)....#..# .
#.... ###......##
#....###.......#
#..#...........#
#.........)....#
...............##.#
.##...............##


You could see 2 killer bees.

Vanquished Creatures
  Pikel (D:7)
  Maggie (D:6)
  The ghost of Anone the Ducker, an amateur GnGl of Ashenzari (D:3)
  A steam dragon (D:6)
  A water moccasin (D:7)
  A black bear (D:6)
  A sky beast (D:6)
  2 ice beasts
  An ogre (D:5)
  3 lemures (D:7)
  A gnoll sergeant (D:5)
  A bullfrog (D:6)
  2 scorpions
  4 wights (D:7)
  3 killer bees (D:7)
  5 hounds
  3 orc priests (D:4)
  2 bombardier beetles (D:5)
  4 jellies
  2 iguanas
  2 orc wizards
  4 adders
  4 gnolls (D:6)
  A shadow imp (D:5)
  2 white imps
  A dart slug (D:2)
  3 ribbon worms
  19 orcs
  3 ball pythons
  5 bats
  2 endoplasms
  3 giant cockroaches
  6 goblins
  9 hobgoblins
  A jackal (D:5)
  4 kobolds
  A quokka (D:2)
  2 frilled lizards
  3 rats
115 creatures vanquished.

Notes
Turn   | Place    | Note
-------+----------+-------------------------------------------
     0 | D:1      | GiantSquids the Hill Orc Berserker began the quest for the
                  | Orb.
     0 | D:1      | Reached XP level 1. HP: 19/19 MP: 1/1
   365 | D:1      | Reached XP level 2. HP: 22/27 MP: 2/2
   624 | D:1      | Found Fet Fees's Book Boutique.
   771 | D:2      | Reached XP level 3. HP: 26/33 MP: 3/3
   861 | D:2      | Reached skill level 5 in Axes
  1350 | D:3      | Reached ** piety under Trog
  1465 | D:3      | Reached XP level 4. HP: 40/40 MP: 4/4
  1599 | D:3      | Found a runed translucent gate.
  1599 | D:3      | Found a runed translucent gate.
  1599 | D:3      | Found a runed translucent gate.
  1600 | D:3      | Noticed Anone's ghost (amateur GnGl)
  2021 | D:3      | Found a burning altar of Makhleb.
  2033 | D:3      | Found a basalt altar of Yredelemnul.
  2196 | D:3      | Killed Anone's ghost
  2197 | D:3      | Reached skill level 5 in Fighting
  2197 | D:3      | Reached skill level 6 in Axes
  2197 | D:3      | Reached XP level 5. HP: 48/48 MP: 5/5
  2197 | D:3      | Reached XP level 6. HP: 56/56 MP: 6/6
  2403 | D:4      | Reached skill level 7 in Axes
  2597 | D:4      | Found Bammox Inebb's Weapon Emporium.
  2767 | D:4      | Found a shadowy altar of Dithmenos.
  3030 | D:5      | Entered Level 5 of the Dungeon
  3095 | D:5      | Noticed an ice beast
  3102 | D:5      | Reached XP level 7. HP: 46/61 MP: 7/7
  3107 | D:5      | Reached skill level 8 in Axes
  3410 | D:5      | Found a sparkling altar of Nemelex Xobeh.
  3431 | D:5      | Reached skill level 5 in Armour
  3449 | D:5      | Reached skill level 9 in Axes
  3449 | D:5      | Reached XP level 8. HP: 31/71 MP: 8/8
  4423 | D:6      | Reached skill level 10 in Axes
  4866 | D:6      | Found a staircase to the Ecumenical Temple.
  4947 | D:6      | Noticed Maggie
  4959 | D:6      | Killed Maggie
  4960 | D:6      | Reached skill level 11 in Axes
  4960 | D:6      | Reached XP level 9. HP: 38/81 MP: 9/9
  5520 | D:7      | Reached *** piety under Trog
  5522 | D:7      | Noticed Pikel
  5531 | D:7      | Paralysed by Pikel for 3 turns
  5537 | D:7      | Paralysed by Pikel for 3 turns
  5546 | D:7      | Killed Pikel
  5547 | D:7      | Reached skill level 12 in Axes
  5558 | D:7      | Found Midalop's Mass Market.
  5573 | D:7      | HP: 4/82 [killer bee (4)]
  5573 | D:7      | HP: 1/82 [killer bee (3)]
  5574 | D:7      | Succumbed to a killer bee's poison

Illustrated notes

Levels and vault maps discovered:
D:1:      dpeg_arrival_oval, layout_basic, serial_shops, nicolae_square_shop
D:2:      layout_basic, minmay_tetromino_l4
D:3:      layout_basic, mainiacjoe_overflow_big_doors, gammafunk_ghost_split
D:4:      layout_basic, nicolae_dithmenos_through_a_glass_darkly,
          serial_park_tiny_2, dreamdust_mushroom_princess,
          nicolae_take_the_stairs
D:5:      layout_basic, minmay_ruined_shrine
D:6:      layout_layer_cave, minmay_temple_entry_offerings, uniq_maggie
D:7:      gammafunk_wand_slinger, layout_cave_pools, minmay_shop_mass,
          nicolae_nh_ransacked_shop, uniq_pikel, uniq_maurice

Skill      XL: |  1  2  3  4  5  6  7  8  9 |
---------------+----------------------------+-----
Fighting       | 4 5 6 7 8 |  8.7
Axes           | 5 6 7 9 11 12 | 12.6
Armour         | 3 4 5 6 7 |  7.5
Dodging        | |  1.5

Action                     |  1- 3 |  4- 6 |  7- 9 || total
---------------------------+-------+-------+-------++-------
  Melee: Hand axe          |    80 |    43 |       ||   123
         War axe           |       |    80 |    73 ||   153
         Punch             |       |       |    10 ||    10
         Broad axe         |       |       |   126 ||   126
  Throw: Dart              |       |     2 |       ||     2
 Invoke: Berserk           |     1 |     1 |     2 ||     4
         Trog's Hand       |       |       |     1 ||     1
    Use: Potion            |       |       |     2 ||     2
   Stab: Sleeping          |     1 |       |       ||     1
 Armour: Animal skin       |    46 |       |       ||    46
         Chain mail        |     5 |    44 |       ||    49
         Plate armour      |       |    67 |   244 ||   311
  Dodge: Dodged            |    57 |    38 |   148 ||   243
